 Dungeon Crawl Stone Soup version 0.31-a0-806-g0bc164a743 (webtiles) character file.

Game seed: 5555721622147620833

182 Opifex the Trooper (level 5, -3/42 HPs)
             Began as a Demonspawn Chaos Knight on Sept 21, 2023.
             Was a Plaything of Xom.
             Drowned by Duvessa the water nymph (shapeshifter) (10 damage)
             ... on level 4 of the Dungeon.
             The game lasted 00:03:44 (2641 turns).

Opifex the Trooper (Demonspawn Chaos Knight)        Turns: 2641, Time: 00:03:44

Health: -3/42      AC: 15    Str: 14    XL:     5   Next: 35%
Magic:  5/5        EV:  6    Int: 13    God:    Xom [.....*]
Gold:   115        SH:  4    Dex: 13    Spells: 4/4 levels left

rFire   . . .        a - +0 hand axe (chaos)
rCold   . . .        i - +0 buckler
rNeg    . . .        d - +0 chain mail
rPois   .            (helmet currently unavailable)
rElec   .            (cloak currently unavailable)
rCorr   .            (gloves currently unavailable)
SInv    +            (boots currently unavailable)
Will    .....        (no amulet) Stlth
                     h - ring of see invisible
HPRegen 0.27/turn    (no ring)
MPRegen 0.09/turn

%: no passive effects
@: beast-form, cleaving, sanguine armoured
A: beast (slay +0), powered by death 1, sanguine armour 1
a: Begin Untransformation, Renounce Religion


You were on level 4 of the Dungeon.
You worshipped Xom.
You were Xom's teddy bear.
You were a hulking beast.
You visited 1 branch of the dungeon, and saw 4 of its levels.

You collected 115 gold pieces.

Inventory:

Hand Weapons
 a - a +0 hand axe of chaos (weapon)
Armour
 b - a +2 leather armour
 d - a +0 chain mail (worn)
 i - a +0 buckler (worn)
Jewellery
 h - a ring of see invisible (left hand)
Talismans
 m - a beast talisman (active)
Scrolls
 c - a scroll of butterflies
 j - a scroll of poison
 n - a scroll of teleportation
 q - a scroll of amnesia
 r - a scroll of blinking
Potions
 e - a potion of brilliance {unknown}
 f - 3 potions of curing
 g - a potion of heal wounds {unknown}
 k - a potion of mutation {unknown}
 l - a potion of attraction {unknown}
 o - 2 potions of haste {unknown}
 p - a potion of ambrosia {unknown}


   Skills:
 + Level 3.8 Fighting
 + Level 3.7 Axes
 + Level 3.0 Armour
 + Level 1.3 Dodging
 - Level 0.1 Stealth
 * Level 1.5 Shapeshifting


You had 4 spell levels left.
You didn't know any spells.
Your spell library contained the following spells:

 Spells                   Type           Power      Damage    Failure   Level
 Apportation              Tloc           0%         N/A       100%        1
 Necrotise                Necr           0%         1d4       100%        1
 Sandblast                Erth           0%         2d4       100%        1
 Summon Small Mammal      Summ           0%         N/A       100%        1
 Lesser Beckoning         Tloc           0%         N/A       100%        2
 Gell's Gravitas          Tloc           0%         N/A       100%        3
 Teleport Other           Tloc           0%         N/A       100%        3


Dungeon Overview and Level Annotations

Branches:
Dungeon (4/15)             Temple (0/1) D:4

Altars:

Annotations:
D:4 Dowan, Duvessa


Innate Abilities, Weirdness & Mutations

You are a hulking beast.
Your limbs bulge with bestial killing power. (Slay +0)
You regenerate a little health from kills.
When seriously injured, your blood forms armour. (AC +6)


Message History

r - a scroll of blinking
Items here: ( ) [ †.
o - 2 viscous amethyst potions (gained 1)
Found 8 stones.
You now have 115 gold pieces (gained 9).
An orc priest comes into view. It is wielding a +0 dagger.
Found a staircase to the Ecumenical Temple.
The orc priest shouts!
You hear a shout!
You block the orc priest's attack.
You hit the orc priest. You freeze the orc priest.
The orc priest is moderately wounded.
Xom's power touches on your mind for a moment.
The orc priest looks rather confused.
You barely miss the orc priest.
The orc priest is moderately wounded.
Duvessa, Sister of Dowan comes into view.
Dowan shouts!
You block Duvessa's attack. The orc priest barely misses you.
Duvessa says, "Where magic fails, the sword succeeds!"
Splash!
You fall into the shallow water.
Moving in this stuff is going to be slow.
The orc priest hits itself with a +0 dagger.
Duvessa attacks as it pursues you! Duvessa touches you. Duvessa drowns you!
Duvessa touches you. Duvessa drowns you!
Your blood congeals into armour.
Splash!
You fall into the shallow water.
Moving in this stuff is going to be slow. "Go forth and destroy!"
Your +0 hand axe of chaos looks sharp (like it always does).
You hear a splashing noise.
Duvessa attacks as it pursues you! Duvessa touches you. Duvessa drowns you!
* * * LOW HITPOINT WARNING * * *
You hit Duvessa.
Duvessa is lightly wounded.
Duvessa touches you.
* * * LOW HITPOINT WARNING * * *
Duvessa drowns you!
You die...
Xom bursts into laughter!

#.....##...#...######
########.#...#.#
#.#..##.# #.#.###.#
##########.#.###.#
#.~~e~e~>#.......#
#~o###.#####
#..####e####.#
#.....~~~mh..#
#.#####.###### . #.#
#. .. ..# ####. ...
#### # #......?.# #.
#.##....###
#.##.##.......
#....§S...##.#
###..###.....>


You could see Duvessa the water nymph and Dowan.

Vanquished Creatures
  A scorpion (D:3)
  An orc priest (D:3)
  3 adders
  2 worms
  10 orcs
  2 bats (D:1)
  5 endoplasms
  A giant cockroach (D:1)
  A goblin (D:3)
  6 hobgoblins
  A quokka (D:2)
  7 ball pythons
  A frilled lizard (D:3)
  6 kobolds
  5 rats
52 creatures vanquished.

Notes
Turn   | Place    | Note
-------+----------+-------------------------------------------
     0 | D:1      | Opifex the Demonspawn Chaos Knight began the quest for the
                  | Orb.
     0 | D:1      | Reached XP level 1. HP: 18/18 MP: 1/1
    37 | D:1      | XOM: silly message
   319 | D:1      | Gained mutation: You regenerate a little health from kills.
                  | [demonic ancestry]
   319 | D:1      | Reached XP level 2. HP: 16/24 MP: 2/2
   424 | D:1      | Found a faded altar of an unknown god.
   444 | D:1      | Got an odd book
   684 | D:1      | Reached skill level 1 in Dodging
   891 | D:1      | XOM: divination: detect creatures
   977 | D:1      | XOM: silly message
  1108 | D:2      | XOM: divination: detect items
  1112 | D:2      | Reached XP level 3. HP: 14/29 MP: 3/3
  1323 | D:2      | XOM: noise
  1378 | D:2      | XOM: 5-stop teleportation journey
  1402 | D:2      | XOM: god gift: scroll labelled NOLODGHOFFECHYN {god gift}
  1584 | D:3      | Noticed a scorpion
  1589 | D:3      | Killed a scorpion
  1589 | D:3      | XOM: cast spell 'Chain of Chaos'
  1590 | D:3      | Gained mutation: When seriously injured, your blood forms
                  | armour. (AC +6) [demonic ancestry]
  1590 | D:3      | Reached XP level 4. HP: 36/36 MP: 4/4
  1665 | D:3      | XOM: butterfly on damage
  1668 | D:3      | Reached skill level 1 in Shapeshifting
  1816 | D:3      | XOM: divination: magic mapping
  1843 | D:3      | Reached XP level 5. HP: 42/42 MP: 5/5
  2232 | D:4      | Noticed a phantom
  2239 | D:4      | XOM: 1-stop teleportation journey
  2313 | D:4      | Noticed Duvessa
  2313 | D:4      | XOM: 2-stop teleportation journey
  2315 | D:4      | Noticed Dowan
  2317 | D:4      | Duvessa changed into Duvessa the shapeshifter
  2317 | D:4      | Noticed Duvessa (shapeshifter)
  2317 | D:4      | Duvessa the shapeshifter changed into Duvessa the human
  2317 | D:4      | Noticed Duvessa (shapeshifter)
  2331 | D:4      | Duvessa the human changed into Duvessa the troll
  2331 | D:4      | Noticed Duvessa (shapeshifter)
  2332 | D:4      | XOM: butterfly on damage
  2334 | D:4      | XOM: confuse monster(s)
  2450 | D:3      | XOM: god gift: scroll of amnesia
  2632 | D:4      | Found a staircase to the Ecumenical Temple.
  2634 | D:4      | XOM: confuse monster(s)
  2635 | D:4      | Noticed Duvessa
  2640 | D:4      | XOM: cleaving
  2641 | D:4      | Drowned by Duvessa the water nymph (shapeshifter)

Illustrated notes

Levels and vault maps discovered:
D:1:      evilmike_arrival_hilbert_curve, layout_basic,
          shapermc_ecumenical_altar_rom_forum
D:2:      layout_rooms
D:3:      layout_rooms
D:4:      minmay_bubble_buster, layout_loops_cross,
          minmay_temple_entry_proselytizer, uniq_duvessa

Skill      XL: |  1  2  3  4  5 |
---------------+----------------+-----
Axes           | 3 |  3.7
Dodging        | 1 |  1.3
Armour         | 2 3 |  3.0
Shapeshifting  | 1 |  1.5
Fighting       | |  3.8
Stealth        | |  0.1

Action                     |  1- 3 |  4- 6 || total
---------------------------+-------+-------++-------
  Melee: Hand axe          |   100 |   111 ||   211
         Punch             |     1 |       ||     1
    Use: Scroll            |     4 |     1 ||     5
   Stab: Sleeping          |     1 |       ||     1
         Petrified         |       |     6 ||     6
 Armour: Leather armour    |    48 |       ||    48
         Chain mail        |    22 |    90 ||   112
  Dodge: Dodged            |    45 |    18 ||    63
  Block: Buckler           |     4 |    20 ||    24
   Form: Beast             |     1 |       ||     1

Table legend: (Time is in decaauts)
 A = Elapsed time spent in this place.
 B = Non-inter-level travel time spent in this place.
 C = Inter-level travel time spent in this place.
 D = Time resting spent in this place.
 E = Time spent auto-exploring this place.
 F = Levels seen in this place.
 G = Mean time per level.
                   A        B        C        D        E       F      G
               +--------+--------+--------+--------+--------+-----+--------+
         Total |   2674 |   2628 |     46 |    127 |   1908 |   4 |  668.5 |
       Dungeon |   2674 |   2628 |     46 |    127 |   1908 |   4 |  668.5 |
               +--------+--------+--------+--------+--------+-----+--------+

Top non-repeatable levels by time:
     D:1: 992 daAuts
     D:3: 741 daAuts
     D:2: 583 daAuts
     D:4: 357 daAuts
